 Dungeon Crawl Stone Soup version 0.30-a0-824-g6c64550be9 (webtiles) character file.

Game seed: 13284228746338850215

103 juan097 the Cudgeller (level 4, -1/41 HPs)
             Began as a Minotaur Berserker on Feb 27, 2023.
             Was a Believer of Trog.
             Killed by divine providence
             ... invoked by an orc priest
              (14 damage)
             ... on level 3 of the Dungeon.
             The game lasted 00:02:13 (992 turns).

juan097 the Cudgeller (Minotaur Berserker)           Turns: 992, Time: 00:02:13

Health: -1/41      AC:  4    Str: 23    XL:     4   Next: 51%
Magic:  3/3        EV: 11    Int:  4    God:    Trog [**....]
Gold:   46         SH:  0    Dex: 10    Spells: 3/3 levels left

rFire   . . .      SeeInvis .    a - +0 mace
rCold   . . .      Faith    .    (no shield)
rNeg    . . .      Spirit   .    h - +0 leather armour
rPois   .          Reflect  .    (helmet restricted)
rElec   .          Harm     .    (no cloak)
rCorr   .          Rampage  .    o - +0 pair of gloves
Will    .....                    (no boots)
Stlth   ++                       (no amulet)
HPRegen 0.26/turn                (no ring)
MPRegen 0.08/turn                (no ring)

@: no status effects
A: horns 2, retaliatory headbutt
a: Renounce Religion, Berserk, Trog's Hand


You were on level 3 of the Dungeon.
You worshipped Trog.
Trog was pleased with you.
You visited 1 branch of the dungeon, and saw 3 of its levels.

You collected 46 gold pieces.

Inventory:

Hand Weapons
 a - a +0 mace (weapon)
 b - a +0 sling
Armour
 e - a +0 buckler
 h - a +0 leather armour (worn)
 o - a +0 pair of gloves (worn)
Scrolls
 d - 2 scrolls of teleportation {unknown}
 l - a scroll of brand weapon {unknown}
 n - a scroll of blinking {unknown}
Potions
 c - a potion of mutation {unknown}
 f - a potion of curing {unknown}
 g - a potion of heal wounds {unknown}
 j - 2 potions of brilliance {unknown}
 k - 2 potions of might {unknown}
 m - a potion of haste {unknown}


   Skills:
 + Level 4.7 Fighting
 + Level 4.7 Maces & Flails
 - Level 2.4 Armour
 - Level 2.1 Dodging
 + Level 2.0 Stealth


You had 3 spell levels left.
You didn't know any spells.
Your spell library was empty.

Dungeon Overview and Level Annotations

Branches:
Dungeon (3/15)

Altars:

Annotations:
D:2 Sigmund


Innate Abilities, Weirdness & Mutations

You have a pair of horns on your head.
You reflexively headbutt those who attack you in melee.


Message History

The orc wizard casts a spell.
The orc wizard flickers and vanishes!
Deactivating autopickup; reactivate with Ctrl-A.
The orc hits you with a +0 short sword.
You hit the orc. You headbutt the orc, but do no damage.
The orc is almost dead.
The orc closely misses you.
You barely miss the orc. You headbutt the orc.
You kill the orc!
Trog accepts your kill.
You hear some strange, mumbled words.
You are confused.
You miss something.
The orc priest hits you with a +0 dagger.
Something completely misses you.
Things that are here:
a +0 short sword; an orc corpse You're too confused to move!
The orc priest miscasts a cantrip.
Something hits you.
You barely miss the orc priest.
The orc priest hits you with a +0 dagger.
Something hits you.
You bump into the rock wall.
You feel less confused.
The orc priest hits you with a +0 dagger.
Something hits you.
You barely miss the orc priest. Your headbutt misses the orc priest.
The orc priest hits you but does no damage.
Something hits you.
You closely miss the orc priest. The orc priest barely misses you.
Something hits you.
You hit the orc priest. Your headbutt misses the orc priest.
The orc priest is lightly wounded.
The orc priest barely misses you. Something hits you but does no damage.
You thump the orc priest!
The orc priest is severely wounded.
The orc priest calls down the wrath of Beogh upon you.
Beogh smites you!
You die...

####### #.....# #.....#
##..####{....########
......o@)......>.....
###.#.####).#.######## ..
.# #.##.# #.# .#...##.###
.##.. #.#.####...###
.....###.#.# ###...#
###...<...########.#
#...##...........#.# .
#.#)..##..####...#.##....


You could see an orc priest.

Vanquished Creatures
  An orc priest (D:3)
  3 adders
  2 dart slugs (D:1)
  2 orcs (D:3)
  7 ball pythons
  2 bats (D:1)
  5 endoplasms
  3 goblins (D:1)
  3 hobgoblins
  A jackal (D:3)
  4 kobolds
  A quokka (D:1)
  A frilled lizard (D:1)
  3 rats
38 creatures vanquished.

Notes
Turn   | Place    | Note
-------+----------+-------------------------------------------
     0 | D:1      | juan097 the Minotaur Berserker began the quest for the Orb.
     0 | D:1      | Reached XP level 1. HP: 19/19 MP: 0/0
   130 | D:1      | Found a faded altar of an unknown god.
   141 | D:1      | Reached XP level 2. HP: 22/27 MP: 1/1
   200 | D:1      | Reached skill level 1 in Stealth
   521 | D:1      | Reached ** piety under Trog
   522 | D:1      | Reached XP level 3. HP: 32/33 MP: 2/2
   792 | D:2      | Noticed Sigmund
   949 | D:3      | Reached XP level 4. HP: 41/41 MP: 3/3
   992 | D:3      | Killed from afar by an orc priest

Illustrated notes

Levels and vault maps discovered:
D:1:      co_arrival_random_square_maze, layout_loops_ring,
          nicolae_ecumenical_snake_handling, minmay_distorted
D:2:      layout_rooms, uniq_crazy_yiuf_cottage, uniq_natasha, uniq_sigmund
D:3:      layout_rooms, ebering_ghost_reflecting_pool, uniq_robin, uniq_terence

Skill      XL: |  1  2  3  4 |
---------------+-------------+-----
Fighting       | 4 |  4.7
Maces & Flails | 4 |  4.7
Stealth        | 1 2 |  2.0
Armour         | |  2.4
Dodging        | |  2.1

Action                     |  1- 3 |  4- 6 || total
---------------------------+-------+-------++-------
  Melee: Mace              |    51 |    17 ||    68
         Headbutt          |     9 |     4 ||    13
   Fire: Sling             |    19 |     3 ||    22
   Stab: Sleeping          |     2 |       ||     2
 Armour: Animal skin       |     6 |       ||     6
         Leather armour    |     6 |     3 ||     9
  Dodge: Dodged            |    40 |     6 ||    46

Table legend: (Time is in decaauts)
 A = Elapsed time spent in this place.
 B = Non-inter-level travel time spent in this place.
 C = Inter-level travel time spent in this place.
 D = Time resting spent in this place.
 E = Time spent auto-exploring this place.
 F = Levels seen in this place.
 G = Mean time per level.
                   A        B        C        D        E       F      G
               +--------+--------+--------+--------+--------+-----+--------+
         Total |   1003 |    967 |     36 |      0 |    710 |   3 |  334.3 |
       Dungeon |   1003 |    967 |     36 |      0 |    710 |   3 |  334.3 |
               +--------+--------+--------+--------+--------+-----+--------+

Top non-repeatable levels by time:
     D:1: 763 daAuts
     D:3: 155 daAuts
     D:2: 84 daAuts
